[ AOE2 MATCH · #475927242 ]
UnrankedGurjaras vs Romans
[ REPLAY ANALYSIS · EXTRACTED FROM THE RECORDED GAME ]
Feudal
11:00
Castle
14:50
Imperial
29:00
| APM avg | 35.8 |
| APM peak | 73 |
| eAPM avg | 15.8 |
| Villagers / military | 160 / 253 |
Focus
⚔️ 27.0% · 🌾 73.0%
Shrivamsha Rider ×152 · Chakram Thrower ×90 · Camel Scout ×9 · Trebuchet (Packed) ×2
Feudal
10:57
Castle
14:30
Imperial
—
| APM avg | 36.1 |
| APM peak | 83 |
| eAPM avg | 23.2 |
| Villagers / military | 135 / 56 |
Focus
⚔️ 24.7% · 🌾 75.3%
Bolas Rider ×35 · Mangonel ×11 · Kona ×6 · Petard ×2 · Spearman ×1 · Skirmisher ×1
Feudal
10:06
Castle
13:36
Imperial
35:39
| APM avg | 39.0 |
| APM peak | 74 |
| eAPM avg | 24.5 |
| Villagers / military | 126 / 171 |
Focus
⚔️ 36.8% · 🌾 63.2%
Spearman ×119 · Unknown (882) ×59 · Battering Ram ×29 · Monk ×15 · Scorpion ×8
Feudal
10:06
Castle
13:36
Imperial
28:34
| APM avg | 32.2 |
| APM peak | 74 |
| eAPM avg | 21.2 |
| Villagers / military | 121 / 30 |
Focus
⚔️ 44.9% · 🌾 55.1%
Unknown (882) ×176 · Trade Cart ×27 · Bombard Cannon ×20 · Monk ×3 · Militia ×3 · Mangonel ×2
Feudal
10:20
Castle
14:42
Imperial
30:54
| APM avg | 28.5 |
| APM peak | 61 |
| eAPM avg | 17.6 |
| Villagers / military | 126 / 64 |
Focus
⚔️ 26.1% · 🌾 73.9%
Unknown (882) ×50 · Elephant Archer ×32 · Trade Cart ×18 · Scout Cavalry ×15 · Spearman ×4 · Trebuchet (Packed) ×4
Feudal
12:20
Castle
16:11
Imperial
27:26
| APM avg | 27.2 |
| APM peak | 85 |
| eAPM avg | 15.9 |
| Villagers / military | 134 / 307 |
Focus
⚔️ 28.5% · 🌾 71.5%
Janissary ×141 · Scout Cavalry ×125 · Camel Scout ×38 · Trebuchet (Packed) ×3
Feudal
—
Castle
—
Imperial
—
| APM avg | 20.5 |
| APM peak | 65 |
| eAPM avg | 13.5 |
| Villagers / military | 96 / 50 |
Focus
⚔️ 24.9% · 🌾 75.1%
Mangonel ×19 · Woad Raider ×18 · Scorpion ×5 · Battering Ram ×5 · Spearman ×3
Feudal
10:47
Castle
20:32
Imperial
30:13
| APM avg | 38.9 |
| APM peak | 81 |
| eAPM avg | 27.4 |
| Villagers / military | 158 / 214 |
Focus
⚔️ 22.1% · 🌾 77.9%
Steppe Lancer ×145 · Kipchak ×64 · Trebuchet (Packed) ×5
Match map
Initial resources + every placement click. Lines = walls · curves = elevation contours. ◆ gold · ⬟ stone · ● berries · ✦ relic · ◌ wall gap
Your base· ✓ Closed at 14:50 · 0t walls · 2 gate(s)
Cowboy's base· ✓ Closed at 14:30 · 0t walls · 2 gate(s)
Jill mento's base· ✓ Closed at 13:36 · 0t walls · 3 gate(s)
FletcheR's base· ✓ Closed at 13:36 · 0t walls · 3 gate(s)
angelggh95's base· ✓ Closed at 14:42 · 0t walls · 2 gate(s)
Lalo Salamanca's base· ✓ Closed at 16:11 · 0t walls · 3 gate(s)
BidCarton8291's base· ✓ Closed at 12:38 · 0t walls · 3 gate(s)
Samwise Gamgee's base· ✓ Closed at 20:32 · 0t walls · 2 gate(s)
Smoothed initial terrain · ◌ = detected wall gap · hover for details
Inputs per minute
— mr.longshlong - - Cowboy
Build order — mr.longshlong
First 150 of 380 actions detected
| 0:01 | Create | Villager (Male) ×4 |
| 0:01 | Create | Villager (Male) ×4 |
| 0:02 | Build | House |
| 0:04 | Build | House |
| 0:23 | Build | Mill |
| 1:30 | Create | Villager (Male) |
| 1:52 | Create | Villager (Male) |
| 2:16 | Create | Villager (Male) |
| 2:24 | Build | House |
| 2:40 | Create | Villager (Male) |
| 2:40 | Create | Villager (Male) |
| 3:14 | Create | Villager (Male) |
| 3:19 | Create | Villager (Male) |
| 4:01 | Create | Villager (Male) |
| 4:01 | Create | Villager (Male) |
| 4:10 | Build | Lumber Camp |
| 4:24 | Create | Villager (Male) |
| 4:24 | Create | Villager (Male) |
| 4:24 | Create | Villager (Male) |
| 4:24 | Create | Villager (Male) |
| 4:48 | Create | Villager (Male) |
| 4:52 | Create | Villager (Male) |
| 4:55 | Build | House |
| 5:30 | Create | Villager (Male) |
| 5:49 | Create | Villager (Male) |
| 6:05 | Create | Villager (Male) |
| 6:14 | Create | Villager (Male) |
| 6:42 | Build | Mill |
| 6:52 | Create | Villager (Male) |
| 7:17 | Create | Villager (Male) |
| 7:51 | Create | Villager (Male) |
| 8:19 | Create | Villager (Male) |
| 8:31 | Build | Mining Camp |
| 8:50 | Research | Feudal Age |
| 9:11 | Build | House |
| 10:16 | Create | Villager (Male) |
| 10:16 | Create | Villager (Male) |
| 11:00 | Age | Feudal Age |
| 11:02 | Build | Market |
| 11:06 | Build | Blacksmith |
| 11:11 | Research | Double-Bit Axe |
| 12:10 | Research | Castle Age |
| 12:14 | Research | Horse Collar |
| 13:12 | Create | Villager (Male) |
| 13:12 | Create | Villager (Male) |
| 14:50 | Age | Castle Age |
| 14:56 | Build | Town Center |
| 15:05 | Build | Town Center |
| 15:12 | Build | Town Center |
| 15:17 | Research | Bow Saw |
| 15:31 | Research | Heavy Plow |
| 15:59 | Build | Farm |
| 16:00 | Create | Villager (Male) |
| 16:06 | Create | Villager (Male) |
| 16:17 | Build | Farm |
| 16:18 | Create | Villager (Male) |
| 16:19 | Build | Farm |
| 16:20 | Create | Villager (Male) |
| 16:23 | Build | Farm |
| 16:24 | Create | Villager (Male) |
| 16:36 | Build | Farm |
| 16:41 | Build | Farm |
| 16:46 | Create | Villager (Male) |
| 16:50 | Build | Farm |
| 16:56 | Build | Farm |
| 17:02 | Build | Farm |
| 17:06 | Create | Villager (Male) |
| 17:17 | Build | Farm |
| 17:19 | Build | Farm |
| 17:23 | Build | Farm |
| 17:29 | Create | Villager (Male) |
| 17:29 | Create | Villager (Male) |
| 17:30 | Build | Farm |
| 17:34 | Build | Farm |
| 17:40 | Build | Farm |
| 17:46 | Create | Villager (Male) |
| 17:46 | Create | Villager (Male) |
| 17:49 | Build | Farm |
| 17:54 | Build | Farm |
| 18:08 | Create | Villager (Male) |
| 18:11 | Build | Farm |
| 18:12 | Create | Villager (Male) |
| 18:12 | Create | Villager (Male) |
| 18:16 | Build | Farm |
| 18:20 | Build | Farm |
| 18:22 | Create | Villager (Male) |
| 18:30 | Create | Villager (Male) |
| 18:34 | Build | Farm |
| 18:36 | Build | Farm |
| 18:41 | Build | Farm |
| 18:41 | Create | Villager (Male) |
| 19:00 | Create | Villager (Male) |
| 19:01 | Create | Villager (Male) |
| 19:04 | Build | Farm |
| 19:05 | Build | Farm |
| 19:06 | Create | Villager (Male) |
| 19:06 | Create | Villager (Male) |
| 19:09 | Build | House |
| 19:22 | Create | Villager (Male) |
| 19:22 | Create | Villager (Male) |
| 19:27 | Build | House |
| 19:27 | Build | House |
| 19:27 | Build | House |
| 19:28 | Create | Villager (Male) |
| 19:33 | Build | Farm |
| 19:36 | Build | Farm |
| 19:41 | Build | Farm |
| 19:41 | Create | Villager (Male) |
| 19:42 | Create | Villager (Male) |
| 20:00 | Create | Villager (Male) |
| 20:00 | Create | Villager (Male) |
| 20:01 | Create | Villager (Male) |
| 20:06 | Build | Monastery |
| 20:07 | Create | Villager (Male) |
| 20:09 | Create | Villager (Male) |
| 20:09 | Create | Villager (Male) |
| 20:31 | Create | Villager (Male) |
| 20:31 | Create | Villager (Male) |
| 20:31 | Create | Villager (Male) |
| 20:33 | Build | House |
| 20:34 | Build | House |
| 20:35 | Create | Villager (Male) |
| 20:36 | Build | Farm |
| 20:37 | Build | Farm |
| 20:37 | Build | Farm |
| 20:44 | Create | Villager (Male) |
| 20:49 | Build | Farm |
| 21:02 | Create | Villager (Male) |
| 21:07 | Build | Farm |
| 21:07 | Create | Villager (Male) |
| 21:15 | Create | Villager (Male) |
| 21:20 | Build | House |
| 21:21 | Build | House |
| 21:21 | Build | House |
| 21:22 | Build | House |
| 21:22 | Create | Villager (Male) |
| 21:26 | Create | Villager (Male) |
| 21:29 | Build | Farm |
| 21:31 | Create | Villager (Male) |
| 21:55 | Create | Villager (Male) |
| 22:24 | Create | Villager (Male) |
| 22:27 | Create | Villager (Male) |
| 22:28 | Create | Villager (Male) |
| 22:28 | Create | Villager (Male) |
| 22:33 | Create | Villager (Male) |
| 22:37 | Build | Mining Camp |
| 22:38 | Create | Villager (Male) |
| 22:46 | Create | Villager (Male) |
| 22:48 | Create | Villager (Male) |
| 22:54 | Build | Barracks |
Build order — Cowboy
First 150 of 280 actions detected
| 0:01 | Create | Villager (Male) |
| 0:02 | Create | Villager (Male) |
| 0:02 | Build | House |
| 0:04 | Build | House |
| 0:08 | Create | Villager (Male) |
| 0:09 | Create | Villager (Male) |
| 1:24 | Create | Villager (Male) |
| 1:46 | Build | Settlement |
| 1:58 | Create | Villager (Male) |
| 2:21 | Create | Villager (Male) |
| 2:48 | Create | Villager (Male) |
| 3:04 | Create | Villager (Male) |
| 3:04 | Create | Villager (Male) |
| 3:30 | Create | Villager (Male) |
| 3:30 | Create | Villager (Male) |
| 3:58 | Create | Villager (Male) |
| 3:58 | Create | Villager (Male) |
| 4:14 | Build | Settlement |
| 4:24 | Create | Villager (Male) |
| 4:45 | Create | Villager (Male) |
| 4:56 | Create | Villager (Male) |
| 5:25 | Create | Villager (Male) |
| 5:48 | Create | Villager (Male) |
| 5:54 | Create | Villager (Male) |
| 6:29 | Create | Villager (Male) |
| 6:52 | Build | Settlement |
| 7:00 | Create | Villager (Male) |
| 7:50 | Create | Villager (Male) |
| 8:22 | Create | Villager (Male) |
| 8:30 | Research | Feudal Age |
| 8:30 | Research | Feudal Age |
| 9:05 | Build | Outpost |
| 9:16 | Build | Outpost |
| 9:41 | Build | Farm |
| 9:43 | Build | Farm |
| 9:46 | Build | Farm |
| 10:47 | Create | Villager (Male) |
| 10:57 | Age | Feudal Age |
| 10:59 | Create | Villager (Male) |
| 11:00 | Build | Market |
| 11:02 | Build | Blacksmith |
| 11:50 | Research | Castle Age |
| 11:51 | Research | Castle Age |
| 11:57 | Create | Skirmisher |
| 12:09 | Research | Double-Bit Axe |
| 12:09 | Research | Double-Bit Axe |
| 12:13 | Build | House |
| 12:23 | Research | Horse Collar |
| 12:28 | Build | Outpost |
| 12:47 | Create | Spearman |
| 12:58 | Build | Farm |
| 13:00 | Build | Farm |
| 13:31 | Build | Outpost |
| 13:48 | Research | Town Watch |
| 14:30 | Age | Castle Age |
| 14:34 | Build | Town Center |
| 14:37 | Build | Town Center |
| 14:53 | Create | Villager (Male) |
| 14:54 | Create | Villager (Male) |
| 15:06 | Build | Siege Workshop |
| 15:10 | Create | Villager (Male) |
| 15:11 | Research | Loom |
| 15:12 | Create | Villager (Male) |
| 15:26 | Create | Villager (Male) |
| 15:50 | Create | Villager (Male) |
| 15:50 | Create | Villager (Male) |
| 15:51 | Create | Villager (Male) |
| 16:22 | Create | Mangonel |
| 16:22 | Create | Mangonel |
| 16:37 | Build | Stone Wall |
| 16:44 | Create | Villager (Male) |
| 17:15 | Create | Mangonel |
| 17:15 | Create | Mangonel |
| 17:15 | Create | Villager (Male) |
| 17:16 | Create | Villager (Male) |
| 17:40 | Build | Farm |
| 17:41 | Build | Farm |
| 17:41 | Build | Farm |
| 17:47 | Create | Villager (Male) |
| 17:48 | Create | Villager (Male) |
| 17:53 | Build | Farm |
| 17:53 | Build | Farm |
| 17:54 | Build | Farm |
| 18:03 | Build | Farm |
| 18:16 | Build | Farm |
| 18:18 | Create | Villager (Male) |
| 19:06 | Create | Villager (Male) |
| 19:06 | Create | Villager (Male) |
| 19:21 | Create | Mangonel |
| 19:29 | Create | Villager (Male) |
| 19:29 | Create | Villager (Male) |
| 19:39 | Create | Villager (Male) |
| 19:57 | Create | Villager (Male) |
| 20:18 | Create | Villager (Male) |
| 20:18 | Create | Villager (Male) |
| 20:27 | Build | Castle |
| 20:34 | Build | Farm |
| 20:36 | Create | Villager (Male) |
| 20:38 | Build | Farm |
| 20:48 | Build | Farm |
| 20:57 | Research | Fletching |
| 20:57 | Research | Fletching |
| 21:15 | Create | Villager (Male) |
| 21:27 | Build | Farm |
| 21:28 | Create | Villager (Male) |
| 21:28 | Create | Villager (Male) |
| 21:31 | Build | Farm |
| 21:45 | Create | Kona |
| 21:45 | Create | Kona |
| 22:36 | Create | Villager (Male) |
| 22:36 | Create | Villager (Male) |
| 22:36 | Create | Villager (Male) |
| 22:37 | Create | Villager (Male) |
| 22:38 | Create | Villager (Male) |
| 22:58 | Create | Mangonel |
| 22:58 | Create | Mangonel |
| 23:09 | Create | Villager (Male) |
| 23:10 | Create | Villager (Male) |
| 23:16 | Create | Villager (Male) |
| 23:16 | Create | Villager (Male) |
| 23:33 | Create | Villager (Male) |
| 23:57 | Create | Villager (Male) |
| 23:58 | Create | Villager (Male) |
| 23:58 | Create | Villager (Male) |
| 24:07 | Create | Villager (Male) |
| 24:14 | Create | Mangonel |
| 24:14 | Create | Mangonel |
| 24:16 | Create | Villager (Male) |
| 24:36 | Create | Villager (Male) |
| 24:36 | Create | Villager (Male) |
| 24:38 | Build | Monastery |
| 24:39 | Create | Villager (Male) |
| 25:00 | Create | Villager (Male) |
| 25:01 | Create | Villager (Male) |
| 25:17 | Create | Kona |
| 25:17 | Create | Kona |
| 26:09 | Create | Kona |
| 26:10 | Create | Kona |
| 27:06 | Create | Villager (Male) |
| 27:07 | Create | Villager (Male) |
| 27:16 | Create | Villager (Male) |
| 27:17 | Create | Villager (Male) |
| 27:17 | Create | Villager (Male) |
| 27:17 | Create | Villager (Male) |
| 27:27 | Create | Villager (Male) |
| 27:36 | Create | Villager (Male) |
| 27:36 | Create | Villager (Male) |
| 27:59 | Build | Siege Workshop |
| 28:00 | Create | Villager (Male) |
| 28:11 | Create | Villager (Male) |
Build order — Jill mento
First 150 of 400 actions detected
| 0:00 | Create | Villager (Male) |
| 0:01 | Create | Villager (Male) |
| 0:01 | Create | Villager (Male) |
| 0:02 | Build | House |
| 0:03 | Build | House |
| 0:20 | Create | Villager (Male) |
| 0:20 | Create | Villager (Male) |
| 0:20 | Create | Villager (Male) |
| 1:37 | Create | Villager (Male) |
| 1:38 | Create | Villager (Male) |
| 1:55 | Create | Villager (Male) |
| 1:56 | Create | Villager (Male) |
| 1:56 | Create | Villager (Male) |
| 2:10 | Build | Lumber Camp |
| 2:26 | Create | Villager (Male) |
| 2:26 | Create | Villager (Male) |
| 2:37 | Create | Villager (Male) |
| 2:37 | Create | Villager (Male) |
| 2:38 | Create | Villager (Male) |
| 3:27 | Create | Villager (Male) |
| 3:27 | Create | Villager (Male) |
| 3:27 | Create | Villager (Male) |
| 3:55 | Build | House |
| 3:56 | Build | House |
| 4:06 | Create | Villager (Male) |
| 4:06 | Create | Villager (Male) |
| 4:06 | Create | Villager (Male) |
| 4:32 | Create | Villager (Male) |
| 4:33 | Build | Mill |
| 4:34 | Create | Villager (Male) |
| 4:35 | Create | Villager (Male) |
| 4:35 | Create | Villager (Male) |
| 5:38 | Create | Villager (Male) |
| 5:39 | Create | Villager (Male) |
| 5:39 | Create | Villager (Male) |
| 5:56 | Build | Farm |
| 6:42 | Create | Villager (Male) |
| 6:42 | Create | Villager (Male) |
| 7:39 | Research | Feudal Age |
| 7:39 | Research | Feudal Age |
| 8:10 | Build | Mining Camp |
| 8:18 | Build | Mining Camp |
| 8:25 | Build | Mining Camp |
| 9:20 | Create | Villager (Male) |
| 9:20 | Create | Villager (Male) |
| 10:06 | Age | Feudal Age |
| 10:08 | Build | Market |
| 10:10 | Build | Blacksmith |
| 10:55 | Research | Castle Age |
| 10:56 | Research | Castle Age |
| 10:56 | Research | Castle Age |
| 11:00 | Research | Double-Bit Axe |
| 11:00 | Research | Double-Bit Axe |
| 11:00 | Research | Double-Bit Axe |
| 11:47 | Build | Farm |
| 11:56 | Build | Farm |
| 12:33 | Build | Farm |
| 13:09 | Build | House |
| 13:19 | Create | Villager (Male) |
| 13:20 | Research | Loom |
| 13:21 | Create | Villager (Male) |
| 13:21 | Create | Villager (Male) |
| 13:21 | Create | Villager (Male) |
| 13:36 | Age | Castle Age |
| 13:36 | Build | House |
| 13:45 | Build | Siege Workshop |
| 13:51 | Build | Monastery |
| 14:28 | Create | Battering Ram |
| 14:33 | Create | Monk |
| 14:37 | Create | Scorpion |
| 14:39 | Create | Villager (Male) |
| 14:48 | Research | Bow Saw |
| 15:00 | Create | Monk |
| 15:28 | Create | Scorpion |
| 15:43 | Create | Villager (Male) |
| 15:45 | Build | Farm |
| 15:47 | Create | Battering Ram |
| 15:58 | Create | Villager (Male) |
| 15:58 | Create | Villager (Male) |
| 16:22 | Create | Villager (Male) |
| 16:23 | Build | House |
| 16:25 | Build | House |
| 16:29 | Create | Scorpion |
| 16:38 | Create | Monk |
| 16:51 | Create | Battering Ram |
| 17:11 | Create | Scorpion |
| 17:40 | Research | Redemption |
| 18:00 | Build | Lumber Camp |
| 18:12 | Create | Monk |
| 18:12 | Create | Monk |
| 18:12 | Create | Monk |
| 18:13 | Create | Villager (Male) |
| 18:13 | Create | Villager (Male) |
| 18:13 | Create | Villager (Male) |
| 18:13 | Create | Villager (Male) |
| 18:16 | Build | Farm |
| 18:31 | Create | Scorpion |
| 18:32 | Create | Scorpion |
| 18:32 | Create | Scorpion |
| 19:13 | Create | Villager (Male) |
| 19:31 | Create | Monk |
| 19:39 | Create | Villager (Male) |
| 19:40 | Create | Villager (Male) |
| 19:42 | Build | Siege Workshop |
| 19:46 | Build | House |
| 19:50 | Build | Farm |
| 20:38 | Create | Monk |
| 20:42 | Build | Barracks |
| 20:43 | Create | Villager (Male) |
| 20:44 | Create | Villager (Male) |
| 20:49 | Create | Monk |
| 20:55 | Build | Siege Workshop |
| 20:57 | Create | Villager (Male) |
| 20:57 | Create | Villager (Male) |
| 21:17 | Create | Scorpion |
| 21:53 | Create | Battering Ram |
| 21:53 | Create | Battering Ram |
| 21:55 | Create | Villager (Male) |
| 21:57 | Build | House |
| 21:58 | Build | House |
| 21:59 | Build | House |
| 22:14 | Create | Villager (Male) |
| 22:14 | Create | Villager (Male) |
| 23:01 | Create | Battering Ram |
| 23:02 | Create | Battering Ram |
| 23:02 | Create | Battering Ram |
| 23:29 | Create | Battering Ram |
| 23:30 | Create | Battering Ram |
| 23:33 | Create | Monk |
| 23:33 | Create | Monk |
| 23:34 | Create | Villager (Male) |
| 23:35 | Create | Villager (Male) |
| 23:39 | Build | Town Center |
| 23:40 | Build | Farm |
| 23:40 | Build | Farm |
| 23:40 | Build | Farm |
| 23:40 | Build | Farm |
| 23:44 | Create | Villager (Male) |
| 23:44 | Create | Villager (Male) |
| 23:44 | Create | Villager (Male) |
| 24:17 | Build | Farm |
| 24:17 | Build | Farm |
| 24:18 | Build | Farm |
| 24:18 | Build | Farm |
| 24:18 | Build | Farm |
| 24:25 | Research | Horse Collar |
| 24:25 | Research | Horse Collar |
| 24:26 | Research | Horse Collar |
| 25:01 | Create | Monk |
| 25:02 | Create | Monk |
Build order — FletcheR
First 150 of 504 actions detected
| 0:01 | Create | Villager (Male) ×4 |
| 0:02 | Build | House |
| 0:03 | Build | House |
| 1:29 | Create | Villager (Male) |
| 1:48 | Build | Lumber Camp |
| 2:01 | Create | Villager (Male) |
| 2:15 | Create | Villager (Male) |
| 2:50 | Create | Villager (Male) |
| 2:50 | Create | Villager (Male) |
| 3:18 | Create | Villager (Male) |
| 3:18 | Create | Villager (Male) |
| 3:33 | Create | Villager (Male) |
| 3:56 | Build | House |
| 4:07 | Create | Villager (Male) |
| 4:10 | Build | House |
| 4:18 | Build | Mill |
| 4:28 | Create | Villager (Male) |
| 4:48 | Create | Villager (Male) |
| 5:17 | Create | Villager (Male) |
| 5:17 | Create | Villager (Male) |
| 5:34 | Create | Villager (Male) |
| 6:02 | Build | Mill |
| 6:09 | Create | Villager (Male) |
| 6:28 | Create | Villager (Male) |
| 6:49 | Create | Villager (Male) |
| 7:17 | Create | Villager (Male) |
| 7:31 | Build | Farm |
| 7:55 | Research | Feudal Age |
| 7:58 | Build | Mining Camp |
| 8:45 | Create | Villager (Male) |
| 8:45 | Create | Villager (Male) |
| 10:06 | Age | Feudal Age |
| 10:07 | Build | Market |
| 10:09 | Build | Blacksmith |
| 10:53 | Research | Castle Age |
| 11:04 | Research | Double-Bit Axe |
| 11:17 | Research | Horse Collar |
| 12:05 | Build | House |
| 13:22 | Create | Villager (Male) |
| 13:36 | Age | Castle Age |
| 13:37 | Build | Town Center |
| 13:38 | Research | Bow Saw |
| 13:42 | Build | Town Center |
| 13:56 | Research | Heavy Plow |
| 14:16 | Create | Villager (Male) |
| 14:21 | Build | Farm |
| 14:47 | Build | Farm |
| 14:51 | Create | Villager (Male) |
| 15:00 | Build | Farm |
| 15:07 | Create | Villager (Male) |
| 15:11 | Create | Villager (Male) |
| 15:13 | Build | Farm |
| 15:21 | Build | Farm |
| 15:25 | Create | Villager (Male) |
| 15:27 | Build | Farm |
| 15:38 | Build | Farm |
| 15:48 | Build | Farm |
| 15:48 | Create | Villager (Male) |
| 16:06 | Create | Villager (Male) |
| 16:07 | Build | Farm |
| 16:09 | Build | Farm |
| 16:16 | Build | Farm |
| 16:21 | Create | Villager (Male) |
| 16:24 | Build | Farm |
| 16:39 | Build | Farm |
| 16:40 | Create | Villager (Male) |
| 16:51 | Build | Farm |
| 16:52 | Create | Villager (Male) |
| 16:57 | Build | Farm |
| 17:05 | Create | Villager (Male) |
| 17:11 | Build | Farm |
| 17:18 | Create | Villager (Male) |
| 17:23 | Build | House |
| 17:31 | Create | Villager (Male) |
| 17:39 | Build | Farm |
| 17:40 | Create | Villager (Male) |
| 17:49 | Build | Monastery |
| 17:51 | Build | House |
| 17:52 | Build | House |
| 17:53 | Build | House |
| 17:55 | Create | Villager (Male) |
| 17:57 | Create | Villager (Male) |
| 17:57 | Create | Villager (Male) |
| 17:57 | Create | Villager (Male) |
| 18:05 | Build | Farm |
| 18:08 | Create | Villager (Male) |
| 18:18 | Build | Farm |
| 18:19 | Create | Villager (Male) |
| 18:23 | Create | Monk |
| 18:32 | Build | Farm |
| 18:34 | Create | Villager (Male) |
| 18:37 | Build | House |
| 18:42 | Build | Farm |
| 18:45 | Create | Villager (Male) |
| 18:48 | Build | House |
| 18:49 | Create | Villager (Male) |
| 18:49 | Create | Villager (Male) |
| 19:01 | Build | Farm |
| 19:02 | Create | Villager (Male) |
| 19:11 | Create | Villager (Male) |
| 19:16 | Build | Farm |
| 19:22 | Build | Farm |
| 19:22 | Create | Villager (Male) |
| 19:26 | Build | Farm |
| 19:26 | Create | Villager (Male) |
| 19:34 | Create | Villager (Male) |
| 19:41 | Create | Villager (Male) |
| 19:43 | Build | Farm |
| 19:46 | Build | Farm |
| 19:52 | Create | Villager (Male) |
| 19:53 | Create | Villager (Male) |
| 19:59 | Create | Villager (Male) |
| 20:03 | Build | Farm |
| 20:10 | Create | Villager (Male) |
| 20:10 | Create | Villager (Male) |
| 20:18 | Build | Farm |
| 20:18 | Create | Villager (Male) |
| 20:22 | Build | House |
| 20:23 | Build | House |
| 20:26 | Create | Villager (Male) |
| 20:32 | Create | Villager (Male) |
| 20:36 | Build | Town Center |
| 20:46 | Research | Wheelbarrow |
| 20:57 | Create | Villager (Male) |
| 21:02 | Build | University |
| 21:07 | Create | Villager (Male) |
| 21:13 | Create | Villager (Male) |
| 21:21 | Build | Farm |
| 21:23 | Build | Farm |
| 21:26 | Create | Villager (Male) |
| 21:32 | Research | Loom |
| 21:33 | Create | Villager (Male) |
| 21:38 | Research | Gold Mining |
| 21:42 | Build | House |
| 21:44 | Create | Villager (Male) |
| 21:57 | Create | Villager (Male) |
| 22:00 | Build | Farm |
| 22:01 | Build | Farm |
| 22:06 | Build | Farm |
| 22:07 | Create | Villager (Male) |
| 22:10 | Build | Farm |
| 22:13 | Create | Villager (Male) |
| 22:15 | Build | House |
| 22:16 | Build | House |
| 22:17 | Create | Villager (Male) |
| 22:17 | Create | Villager (Male) |
| 22:30 | Build | Siege Workshop |
| 22:41 | Create | Villager (Male) |
| 22:44 | Create | Villager (Male) |
| 22:48 | Build | Farm |
Build order — angelggh95
First 150 of 356 actions detected
| 0:02 | Create | Villager (Male) ×4 |
| 0:04 | Build | House |
| 0:05 | Build | House |
| 1:25 | Create | Villager (Male) |
| 1:25 | Create | Villager (Male) |
| 1:47 | Build | Lumber Camp |
| 2:05 | Build | House |
| 2:07 | Build | House |
| 2:07 | Create | Villager (Male) |
| 2:08 | Create | Villager (Male) |
| 2:23 | Create | Villager (Male) |
| 2:23 | Create | Villager (Male) |
| 2:58 | Create | Villager (Male) |
| 2:58 | Create | Villager (Male) |
| 3:21 | Create | Villager (Male) |
| 3:21 | Create | Villager (Male) |
| 3:49 | Create | Villager (Male) |
| 4:19 | Create | Villager (Male) |
| 4:19 | Create | Villager (Male) |
| 4:20 | Create | Villager (Male) |
| 4:47 | Build | Mill |
| 5:07 | Create | Villager (Male) |
| 5:07 | Create | Villager (Male) |
| 5:07 | Create | Villager (Male) |
| 5:07 | Create | Villager (Male) |
| 5:36 | Create | Villager (Male) |
| 6:04 | Create | Villager (Male) |
| 6:07 | Create | Villager (Male) |
| 7:04 | Create | Villager (Male) |
| 7:04 | Create | Villager (Male) |
| 7:13 | Build | Mining Camp |
| 7:31 | Build | Mining Camp |
| 8:10 | Research | Feudal Age |
| 8:47 | Create | Villager (Male) |
| 8:56 | Create | Villager (Male) |
| 10:20 | Age | Feudal Age |
| 10:21 | Build | Market |
| 10:23 | Build | Blacksmith |
| 11:37 | Research | Loom |
| 11:56 | Research | Castle Age |
| 13:41 | Build | House |
| 13:56 | Research | Double-Bit Axe |
| 13:59 | Build | Farm |
| 14:15 | Build | Farm |
| 14:33 | Create | Villager (Male) |
| 14:33 | Create | Villager (Male) |
| 14:40 | Build | Farm |
| 14:42 | Age | Castle Age |
| 14:49 | Build | Castle |
| 15:09 | Build | Farm |
| 15:20 | Build | Farm |
| 15:20 | Build | Farm |
| 15:20 | Build | Farm |
| 15:20 | Build | Farm |
| 15:20 | Build | Farm |
| 15:21 | Build | Farm |
| 15:21 | Build | Farm |
| 15:28 | Create | Villager (Male) |
| 15:42 | Create | Villager (Male) |
| 16:00 | Create | Villager (Male) |
| 16:06 | Create | Urumi Swordsman |
| 16:10 | Build | Farm |
| 16:13 | Build | Farm |
| 16:25 | Create | Villager (Male) |
| 16:30 | Build | Farm |
| 16:45 | Build | Farm |
| 16:51 | Create | Villager (Male) |
| 17:08 | Create | Urumi Swordsman |
| 17:10 | Build | Farm |
| 17:23 | Build | Farm |
| 17:35 | Build | Farm |
| 17:37 | Create | Villager (Male) |
| 17:38 | Create | Urumi Swordsman |
| 17:46 | Create | Petard |
| 18:04 | Build | Farm |
| 18:05 | Create | Villager (Male) |
| 18:16 | Create | Villager (Male) |
| 18:31 | Build | Siege Workshop |
| 18:39 | Create | Villager (Male) |
| 18:47 | Build | House |
| 18:59 | Create | Villager (Male) |
| 19:11 | Create | Mangonel |
| 19:14 | Create | Villager (Male) |
| 19:41 | Create | Mangonel |
| 19:53 | Create | Villager (Male) |
| 20:22 | Build | Town Center |
| 20:30 | Build | House |
| 20:41 | Create | Villager (Male) |
| 20:42 | Create | Villager (Male) |
| 20:47 | Create | Villager (Male) |
| 21:12 | Research | Bow Saw |
| 21:14 | Research | Gold Mining |
| 21:18 | Build | House |
| 21:19 | Build | House |
| 21:21 | Research | Horse Collar |
| 21:33 | Create | Villager (Male) |
| 22:17 | Create | Villager (Male) |
| 22:17 | Create | Villager (Male) |
| 22:17 | Create | Villager (Male) |
| 22:24 | Build | Town Center |
| 22:25 | Create | Villager (Male) |
| 22:25 | Create | Villager (Male) |
| 22:25 | Create | Villager (Male) |
| 22:25 | Create | Villager (Male) |
| 22:26 | Create | Villager (Male) |
| 22:26 | Create | Villager (Male) |
| 22:26 | Create | Villager (Male) |
| 23:02 | Build | Farm |
| 23:03 | Build | Farm |
| 23:03 | Build | Farm |
| 23:03 | Build | Farm |
| 23:08 | Build | Farm |
| 23:17 | Build | Farm |
| 23:23 | Create | Villager (Male) |
| 23:47 | Create | Petard |
| 23:52 | Build | Farm |
| 23:53 | Build | Farm |
| 23:54 | Build | Farm |
| 23:54 | Build | Farm |
| 23:54 | Build | Farm |
| 23:56 | Create | Villager (Male) |
| 23:57 | Create | Villager (Male) |
| 23:57 | Create | Villager (Male) |
| 23:57 | Create | Villager (Male) |
| 24:23 | Create | Villager (Male) |
| 24:24 | Create | Villager (Male) |
| 24:24 | Create | Villager (Male) |
| 24:24 | Create | Villager (Male) |
| 24:24 | Create | Villager (Male) |
| 24:26 | Build | Farm |
| 24:28 | Build | Farm |
| 24:31 | Build | Farm |
| 24:44 | Build | Farm |
| 24:46 | Create | Villager (Male) |
| 24:46 | Create | Villager (Male) |
| 24:46 | Create | Villager (Male) |
| 24:46 | Create | Villager (Male) |
| 24:50 | Research | Wheelbarrow |
| 25:08 | Build | Farm |
| 25:34 | Build | Farm |
| 25:37 | Build | Farm |
| 25:47 | Build | Farm |
| 25:53 | Create | Villager (Male) |
| 26:03 | Build | House |
| 26:03 | Build | House |
| 26:03 | Build | House |
| 26:03 | Build | House |
| 26:03 | Build | House |
| 26:03 | Build | House |
| 26:04 | Build | House |
Build order — Lalo Salamanca
First 150 of 376 actions detected
| 0:01 | Create | Villager (Male) |
| 0:02 | Create | Villager (Male) |
| 0:02 | Create | Villager (Male) |
| 0:02 | Create | Villager (Male) |
| 0:03 | Build | House |
| 0:05 | Build | House |
| 1:18 | Create | Villager (Male) |
| 1:18 | Create | Villager (Male) |
| 1:18 | Create | Villager (Male) |
| 2:01 | Create | Villager (Male) |
| 2:01 | Create | Villager (Male) |
| 2:27 | Create | Villager (Male) |
| 2:28 | Create | Villager (Male) |
| 2:35 | Build | Lumber Camp |
| 3:04 | Create | Villager (Male) |
| 3:05 | Create | Villager (Male) |
| 3:06 | Create | Villager (Male) |
| 3:06 | Create | Villager (Male) |
| 3:16 | Create | Villager (Male) |
| 3:17 | Create | Villager (Male) |
| 3:17 | Create | Villager (Male) |
| 3:43 | Build | House |
| 3:44 | Build | House |
| 3:47 | Create | Villager (Male) |
| 3:48 | Create | Villager (Male) |
| 4:02 | Create | Villager (Male) |
| 4:03 | Create | Villager (Male) |
| 4:10 | Build | House |
| 4:38 | Create | Villager (Male) |
| 4:38 | Create | Villager (Male) |
| 5:07 | Create | Villager (Male) |
| 5:08 | Create | Villager (Male) |
| 5:08 | Create | Villager (Male) |
| 6:04 | Build | Mill |
| 6:13 | Create | Villager (Male) |
| 6:13 | Create | Villager (Male) |
| 7:15 | Create | Villager (Male) |
| 7:15 | Create | Villager (Male) |
| 7:15 | Create | Villager (Male) |
| 7:16 | Create | Villager (Male) |
| 7:16 | Create | Villager (Male) |
| 7:16 | Create | Villager (Male) |
| 7:52 | Build | Mining Camp |
| 8:34 | Build | Lumber Camp |
| 8:43 | Create | Villager (Male) |
| 8:43 | Create | Villager (Male) |
| 9:13 | Build | Farm |
| 9:23 | Build | Farm |
| 9:55 | Research | Feudal Age |
| 10:59 | Build | Farm |
| 11:03 | Build | Farm |
| 12:15 | Build | House |
| 12:20 | Age | Feudal Age |
| 12:24 | Build | Market |
| 12:27 | Build | Blacksmith |
| 12:41 | Create | Villager (Male) |
| 12:42 | Create | Villager (Male) |
| 12:59 | Research | Double-Bit Axe |
| 13:26 | Research | Castle Age |
| 13:26 | Research | Castle Age |
| 13:26 | Research | Castle Age |
| 14:06 | Research | Horse Collar |
| 14:09 | Build | Farm |
| 14:13 | Build | Farm |
| 14:14 | Build | Farm |
| 16:11 | Age | Castle Age |
| 16:13 | Build | Town Center |
| 16:16 | Build | Town Center |
| 16:38 | Create | Villager (Male) |
| 16:39 | Create | Villager (Male) |
| 16:53 | Research | Bow Saw |
| 16:55 | Research | Heavy Plow |
| 17:31 | Create | Villager (Male) |
| 17:31 | Create | Villager (Male) |
| 17:31 | Create | Villager (Male) |
| 17:31 | Create | Villager (Male) |
| 17:32 | Create | Villager (Male) |
| 17:32 | Create | Villager (Male) |
| 17:36 | Build | Farm |
| 17:37 | Build | Farm |
| 17:38 | Build | Farm |
| 17:39 | Build | Farm |
| 17:40 | Build | Farm |
| 17:46 | Create | Villager (Male) |
| 17:46 | Create | Villager (Male) |
| 17:46 | Create | Villager (Male) |
| 17:50 | Build | Farm |
| 17:51 | Build | Farm |
| 17:52 | Build | Farm |
| 17:54 | Build | Farm |
| 17:55 | Build | Farm |
| 17:57 | Build | Farm |
| 18:03 | Create | Villager (Male) |
| 18:04 | Create | Villager (Male) |
| 18:06 | Build | Farm |
| 18:19 | Create | Villager (Male) |
| 18:19 | Create | Villager (Male) |
| 18:31 | Build | Farm |
| 18:33 | Create | Villager (Male) |
| 18:37 | Build | Farm |
| 18:47 | Build | House |
| 18:48 | Build | House |
| 18:49 | Build | House |
| 18:59 | Create | Villager (Male) |
| 18:59 | Create | Villager (Male) |
| 19:00 | Create | Villager (Male) |
| 19:00 | Create | Villager (Male) |
| 19:07 | Create | Villager (Male) |
| 19:07 | Create | Villager (Male) |
| 19:07 | Create | Villager (Male) |
| 19:21 | Create | Villager (Male) |
| 19:22 | Create | Villager (Male) |
| 19:36 | Create | Villager (Male) |
| 19:36 | Create | Villager (Male) |
| 19:37 | Create | Villager (Male) |
| 19:37 | Create | Villager (Male) |
| 19:51 | Build | Farm |
| 19:53 | Build | Farm |
| 19:57 | Build | Farm |
| 19:59 | Create | Villager (Male) |
| 20:00 | Create | Villager (Male) |
| 20:00 | Create | Villager (Male) |
| 20:02 | Build | Farm |
| 20:03 | Create | Villager (Male) |
| 20:03 | Create | Villager (Male) |
| 20:06 | Build | Farm |
| 20:07 | Create | Villager (Male) |
| 20:07 | Create | Villager (Male) |
| 20:10 | Build | Farm |
| 20:13 | Build | Farm |
| 20:16 | Build | House |
| 20:17 | Build | House |
| 20:27 | Create | Villager (Male) |
| 20:27 | Create | Villager (Male) |
| 20:34 | Build | Castle |
| 20:45 | Create | Villager (Male) |
| 20:45 | Create | Villager (Male) |
| 20:46 | Create | Villager (Male) |
| 20:55 | Research | Wheelbarrow |
| 20:59 | Research | Town Watch |
| 20:59 | Create | Villager (Male) |
| 21:03 | Build | House |
| 21:04 | Build | House |
| 21:05 | Build | House |
| 21:06 | Build | House |
| 21:14 | Create | Villager (Male) |
| 21:14 | Create | Villager (Male) |
| 21:14 | Create | Villager (Male) |
| 21:15 | Create | Villager (Male) |
| 21:46 | Create | Villager (Male) |
Build order — BidCarton8291
First 150 of 279 actions detected
| 0:00 | Create | Villager (Male) |
| 0:01 | Create | Villager (Male) |
| 0:02 | Build | House |
| 0:04 | Build | House |
| 0:11 | Create | Villager (Male) |
| 0:11 | Create | Villager (Male) |
| 1:31 | Create | Villager (Male) |
| 1:31 | Create | Villager (Male) |
| 2:03 | Create | Villager (Male) |
| 2:16 | Build | Lumber Camp |
| 2:17 | Create | Villager (Male) |
| 2:48 | Create | Villager (Male) |
| 3:06 | Create | Villager (Male) |
| 3:34 | Create | Villager (Male) |
| 3:49 | Create | Villager (Male) |
| 4:01 | Build | House |
| 4:02 | Build | House |
| 4:04 | Build | House |
| 4:33 | Create | Villager (Male) |
| 4:33 | Create | Villager (Male) |
| 4:33 | Create | Villager (Male) |
| 4:42 | Build | Mill |
| 5:19 | Create | Villager (Male) |
| 5:19 | Create | Villager (Male) |
| 5:20 | Create | Villager (Male) |
| 5:53 | Create | Villager (Male) |
| 6:53 | Create | Villager (Male) |
| 6:53 | Create | Villager (Male) |
| 6:53 | Create | Villager (Male) |
| 7:01 | Build | Mill |
| 7:13 | Build | Mining Camp |
| 7:25 | Create | Villager (Male) |
| 7:26 | Create | Villager (Male) |
| 8:30 | Build | Mining Camp |
| 8:41 | Create | Villager (Male) |
| 8:58 | Research | Feudal Age |
| 8:58 | Research | Feudal Age |
| 9:45 | Build | Farm |
| 9:48 | Build | Farm |
| 9:52 | Build | Farm |
| 10:31 | Create | Villager (Male) |
| 10:31 | Create | Villager (Male) |
| 11:49 | Build | Market |
| 12:03 | Build | Blacksmith |
| 12:38 | Research | Castle Age |
| 12:38 | Research | Castle Age |
| 12:57 | Research | Double-Bit Axe |
| 12:58 | Research | Double-Bit Axe |
| 13:03 | Build | Lumber Camp |
| 13:28 | Research | Horse Collar |
| 14:03 | Research | Wheelbarrow |
| 14:19 | Build | Farm |
| 14:24 | Build | Farm |
| 14:40 | Build | Farm |
| 15:19 | Build | Castle |
| 15:29 | Research | Bow Saw |
| 15:49 | Build | Siege Workshop |
| 16:11 | Create | Villager (Male) |
| 16:36 | Build | Farm |
| 16:38 | Build | Farm |
| 16:38 | Build | Farm |
| 16:40 | Build | Farm |
| 16:41 | Build | Farm |
| 16:47 | Create | Battering Ram |
| 16:54 | Create | Villager (Male) |
| 17:11 | Create | Villager (Male) |
| 17:15 | Create | Battering Ram |
| 17:29 | Build | Mining Camp |
| 17:34 | Create | Villager (Male) |
| 17:35 | Create | Battering Ram |
| 17:56 | Research | Heavy Plow |
| 18:01 | Create | Villager (Male) |
| 18:22 | Create | Battering Ram |
| 18:22 | Create | Battering Ram |
| 18:24 | Create | Villager (Male) |
| 18:32 | Build | Farm |
| 18:40 | Build | House |
| 18:41 | Build | House |
| 18:42 | Build | House |
| 18:46 | Research | Forging |
| 18:54 | Create | Villager (Male) |
| 19:16 | Create | Villager (Male) |
| 19:23 | Build | Farm |
| 19:31 | Build | Farm |
| 19:35 | Build | Farm |
| 19:41 | Research | Scale Mail Armor |
| 19:48 | Create | Villager (Male) |
| 19:54 | Build | Farm |
| 19:59 | Build | Farm |
| 20:02 | Create | Villager (Male) |
| 20:21 | Build | House |
| 20:23 | Build | House |
| 20:25 | Build | House |
| 20:27 | Build | House |
| 20:29 | Create | Woad Raider |
| 20:30 | Create | Woad Raider |
| 20:30 | Create | Woad Raider |
| 20:34 | Create | Villager (Male) |
| 20:50 | Build | Lumber Camp |
| 20:55 | Build | Farm |
| 20:55 | Create | Woad Raider |
| 21:02 | Create | Woad Raider |
| 21:02 | Create | Woad Raider |
| 21:09 | Create | Villager (Male) |
| 21:31 | Create | Villager (Male) |
| 21:38 | Create | Mangonel |
| 21:38 | Create | Woad Raider |
| 21:38 | Create | Woad Raider |
| 21:38 | Create | Woad Raider |
| 21:38 | Create | Woad Raider |
| 21:56 | Create | Villager (Male) |
| 22:26 | Create | Villager (Male) |
| 22:26 | Create | Villager (Male) |
| 22:42 | Create | Villager (Male) |
| 22:47 | Build | Town Center |
| 23:00 | Create | Villager (Male) |
| 23:18 | Create | Villager (Male) |
| 23:24 | Build | Town Center |
| 23:37 | Create | Villager (Male) |
| 23:55 | Create | Villager (Male) |
| 24:33 | Create | Villager (Male) |
| 24:58 | Create | Villager (Male) |
| 24:59 | Create | Villager (Male) |
| 25:05 | Build | Farm |
| 25:06 | Build | Farm |
| 25:07 | Build | Farm |
| 25:09 | Build | Farm |
| 25:10 | Build | Farm |
| 25:11 | Build | Farm |
| 25:12 | Build | Farm |
| 25:12 | Build | Farm |
| 25:16 | Create | Villager (Male) |
| 25:17 | Create | Villager (Male) |
| 25:17 | Create | Villager (Male) |
| 25:30 | Create | Woad Raider |
| 25:30 | Create | Woad Raider |
| 25:31 | Create | Woad Raider |
| 25:31 | Create | Scorpion |
| 25:32 | Create | Scorpion |
| 25:32 | Create | Scorpion |
| 25:37 | Build | Farm |
| 25:38 | Build | Farm |
| 25:53 | Create | Villager (Male) |
| 26:04 | Build | Gate |
| 26:34 | Research | Imperial Age |
| 26:34 | Research | Imperial Age |
| 26:53 | Create | Villager (Male) |
| 26:55 | Research | Loom |
| 27:14 | Create | Villager (Male) |
| 27:27 | Build | Barracks |
Build order — Samwise Gamgee
First 150 of 461 actions detected
| 0:01 | Create | Villager (Male) |
| 0:01 | Create | Villager (Male) |
| 0:01 | Create | Villager (Male) |
| 0:02 | Build | House |
| 0:03 | Build | House |
| 0:08 | Build | House |
| 0:15 | Create | Villager (Male) |
| 0:15 | Create | Villager (Male) |
| 1:29 | Create | Villager (Male) |
| 1:29 | Create | Villager (Male) |
| 1:50 | Build | Lumber Camp |
| 2:03 | Create | Villager (Male) |
| 2:29 | Create | Villager (Male) |
| 2:29 | Create | Villager (Male) |
| 2:48 | Create | Villager (Male) |
| 2:49 | Create | Villager (Male) |
| 3:07 | Create | Villager (Male) |
| 3:07 | Create | Villager (Male) |
| 3:22 | Create | Villager (Male) |
| 3:22 | Create | Villager (Male) |
| 3:34 | Build | House |
| 3:35 | Build | House |
| 3:38 | Create | Villager (Male) |
| 4:25 | Create | Villager (Male) |
| 4:26 | Create | Villager (Male) |
| 4:32 | Build | Mill |
| 4:40 | Create | Villager (Male) |
| 5:18 | Create | Villager (Male) |
| 5:18 | Create | Villager (Male) |
| 5:18 | Create | Villager (Male) |
| 5:44 | Create | Villager (Male) |
| 5:49 | Create | Villager (Male) |
| 7:16 | Build | Mill |
| 7:25 | Create | Villager (Male) |
| 7:25 | Create | Villager (Male) |
| 8:11 | Research | Loom |
| 8:12 | Research | Feudal Age |
| 8:29 | Build | House |
| 9:06 | Build | Mining Camp |
| 9:21 | Create | Villager (Male) |
| 10:40 | Build | Farm |
| 10:43 | Build | Farm |
| 10:44 | Build | Farm |
| 10:45 | Build | Farm |
| 10:47 | Age | Feudal Age |
| 10:52 | Build | Town Center |
| 10:57 | Create | Villager (Male) |
| 11:10 | Create | Villager (Male) |
| 11:17 | Build | Farm |
| 11:21 | Research | Horse Collar |
| 11:22 | Research | Double-Bit Axe |
| 11:23 | Create | Villager (Male) |
| 11:26 | Create | Villager (Male) |
| 11:28 | Create | Villager (Male) |
| 11:56 | Create | Villager (Male) |
| 12:01 | Build | Farm |
| 12:05 | Build | Farm |
| 12:07 | Create | Villager (Male) |
| 12:14 | Build | Farm |
| 12:37 | Create | Villager (Male) |
| 12:43 | Build | Farm |
| 12:52 | Create | Villager (Male) |
| 12:52 | Create | Villager (Male) |
| 12:52 | Create | Villager (Male) |
| 12:52 | Create | Villager (Male) |
| 12:55 | Create | Villager (Male) |
| 12:58 | Build | House |
| 12:59 | Build | House |
| 13:00 | Build | House |
| 13:03 | Create | Villager (Male) |
| 13:12 | Build | Farm |
| 13:26 | Create | Villager (Male) |
| 13:32 | Research | Wheelbarrow |
| 13:39 | Create | Villager (Male) |
| 13:56 | Build | Farm |
| 13:59 | Build | Farm |
| 14:01 | Create | Villager (Male) |
| 14:19 | Build | Farm |
| 14:20 | Build | Farm |
| 14:25 | Create | Villager (Male) |
| 14:32 | Build | House |
| 14:33 | Build | House |
| 14:35 | Build | House |
| 14:36 | Build | House |
| 14:37 | Create | Villager (Male) |
| 14:43 | Create | Villager (Male) |
| 14:47 | Create | Villager (Male) |
| 14:52 | Build | Farm |
| 14:52 | Build | Farm |
| 14:58 | Create | Villager (Male) |
| 15:07 | Build | House |
| 15:14 | Create | Villager (Male) |
| 15:19 | Build | Farm |
| 15:22 | Build | Farm |
| 15:26 | Create | Villager (Male) |
| 15:45 | Build | Blacksmith |
| 15:45 | Create | Villager (Male) |
| 15:46 | Create | Villager (Male) |
| 15:49 | Build | Farm |
| 15:50 | Create | Villager (Male) |
| 16:01 | Create | Villager (Male) |
| 16:03 | Create | Villager (Male) |
| 16:07 | Create | Villager (Male) |
| 16:24 | Build | Farm |
| 16:26 | Build | Farm |
| 16:27 | Create | Villager (Male) |
| 16:35 | Create | Villager (Male) |
| 16:47 | Build | Market |
| 16:52 | Create | Villager (Male) |
| 16:58 | Create | Villager (Male) |
| 17:02 | Build | Farm |
| 17:08 | Build | Farm |
| 17:13 | Build | Farm |
| 17:16 | Create | Villager (Male) |
| 17:42 | Research | Castle Age |
| 17:44 | Create | Villager (Male) |
| 17:44 | Create | Villager (Male) |
| 17:57 | Build | Farm |
| 17:58 | Build | Farm |
| 18:11 | Build | Mining Camp |
| 18:18 | Build | Mining Camp |
| 18:33 | Create | Villager (Male) |
| 18:39 | Create | Villager (Male) |
| 18:53 | Create | Villager (Male) |
| 18:57 | Create | Villager (Male) |
| 18:57 | Create | Villager (Male) |
| 19:03 | Build | House |
| 19:04 | Build | House |
| 19:04 | Create | Villager (Male) |
| 19:05 | Create | Villager (Male) |
| 19:07 | Create | Villager (Male) |
| 19:09 | Create | Villager (Male) |
| 19:16 | Research | Fletching |
| 19:17 | Create | Villager (Male) |
| 19:19 | Create | Villager (Male) |
| 19:21 | Create | Villager (Male) |
| 19:33 | Create | Villager (Male) |
| 19:53 | Research | Padded Archer Armor |
| 20:03 | Create | Villager (Male) |
| 20:21 | Create | Villager (Male) |
| 20:27 | Build | House |
| 20:32 | Age | Castle Age |
| 20:41 | Create | Villager (Male) |
| 20:46 | Create | Villager (Male) |
| 21:17 | Build | Castle |
| 21:18 | Create | Villager (Male) |
| 21:18 | Create | Villager (Male) |
| 21:24 | Research | Bodkin Arrow |
| 21:24 | Research | Leather Archer Armor |
| 21:29 | Build | University |
Match timeline
| 10:06 | Jill mento · age_up feudal |
| 10:06 | FletcheR · age_up feudal |
| 10:20 | angelggh95 · age_up feudal |
| 10:47 | Samwise Gamgee · age_up feudal |
| 10:57 | Cowboy · age_up feudal |
| 11:00 | mr.longshlong · age_up feudal |
| 12:09 | mr.longshlong · first_market_sell 100 stone |
| 12:20 | Lalo Salamanca · age_up feudal |
| 13:25 | Lalo Salamanca · first_market_sell 100 stone |
| 13:36 | Jill mento · age_up castle |
| 13:36 | FletcheR · age_up castle |
| 13:45 | Jill mento · first_building Siege Workshop |
| 13:51 | Jill mento · first_building Monastery |
| 14:30 | Cowboy · age_up castle |
| 14:42 | angelggh95 · age_up castle |
| 14:49 | angelggh95 · first_building Castle |
| 14:50 | mr.longshlong · age_up castle |
| 15:06 | Cowboy · first_building Siege Workshop |
| 15:07 | FletcheR · first_market_buy 100 food |
| 15:19 | BidCarton8291 · first_building Castle |
| 15:42 | Cowboy · first_market_buy 100 wood |
| 15:42 | Cowboy · first_market_sell 100 food |
| 15:49 | BidCarton8291 · first_building Siege Workshop |
| 16:11 | Lalo Salamanca · age_up castle |
| 16:37 | Cowboy · wall_segment Stone Wall x1 |
| 17:36 | Jill mento · first_market_sell 100 wood |
| 17:49 | FletcheR · first_building Monastery |
| 18:31 | angelggh95 · first_building Siege Workshop |
| 20:06 | mr.longshlong · first_building Monastery |
| 20:27 | Cowboy · first_building Castle |
| 20:32 | Samwise Gamgee · age_up castle |
| 20:34 | Lalo Salamanca · first_building Castle |
| 20:35 | Samwise Gamgee · first_market_buy 100 stone |
| 20:42 | Jill mento · first_building Barracks |
| 20:54 | Samwise Gamgee · first_market_sell 100 food |
| 21:13 | BidCarton8291 · first_market_buy 100 food |
| 21:17 | Samwise Gamgee · first_building Castle |
| 21:53 | Lalo Salamanca · first_building Barracks |
| 22:30 | FletcheR · first_building Siege Workshop |
| 22:54 | mr.longshlong · first_building Barracks |
| 24:22 | Jill mento · first_market_buy 100 food |
| 24:38 | Cowboy · first_building Monastery |
| 24:40 | mr.longshlong · first_building Stable |
| 25:01 | Lalo Salamanca · first_building Stable |
| 26:04 | Lalo Salamanca · first_building Siege Workshop |
| 26:20 | FletcheR · first_building Barracks |
| 26:30 | BidCarton8291 · first_market_sell 100 wood |
| 26:33 | mr.longshlong · first_building Castle |
| 26:45 | mr.longshlong · first_market_buy 100 wood |
| 26:54 | angelggh95 · first_market_sell 100 wood |
| 27:26 | Lalo Salamanca · age_up imperial |
| 27:27 | BidCarton8291 · first_building Barracks |
| 28:03 | FletcheR · first_building Castle |
| 28:34 | FletcheR · age_up imperial |
| 28:55 | Lalo Salamanca · first_market_buy 100 food |
| 29:00 | mr.longshlong · age_up imperial |
| 29:01 | angelggh95 · first_building Barracks |
| 30:13 | Samwise Gamgee · age_up imperial |
| 30:23 | angelggh95 · first_building Archery Range |
| 30:54 | angelggh95 · age_up imperial |
| 31:32 | mr.longshlong · tribute_sent a jugador 1 |
| 31:32 | mr.longshlong · tribute_sent a jugador 2 |
| 31:32 | mr.longshlong · tribute_sent a jugador 4 |
| 31:32 | mr.longshlong · tribute_sent a jugador 5 |
| 31:32 | mr.longshlong · tribute_sent a jugador 6 |
| 31:32 | mr.longshlong · tribute_sent a jugador 7 |
| 31:32 | mr.longshlong · tribute_sent a jugador 8 |
| 31:42 | FletcheR · first_market_sell 500 food |
| 31:51 | Samwise Gamgee · first_building Barracks |
| 32:07 | Cowboy · first_building Barracks |
| 32:13 | Samwise Gamgee · tribute_sent a jugador 1 |
| 32:13 | Samwise Gamgee · tribute_sent a jugador 2 |
| 32:13 | Samwise Gamgee · tribute_sent a jugador 3 |
| 32:13 | Samwise Gamgee · tribute_sent a jugador 4 |
| 32:13 | Samwise Gamgee · tribute_sent a jugador 5 |
| 32:13 | Samwise Gamgee · tribute_sent a jugador 6 |
| 32:13 | Samwise Gamgee · tribute_sent a jugador 7 |
| 33:00 | Jill mento · first_building Castle |
| 33:14 | Cowboy · first_building Archery Range |
| 33:26 | Samwise Gamgee · first_building Stable |
| 35:11 | angelggh95 · first_building Stable |
| 35:39 | Jill mento · age_up imperial |
| 36:01 | Jill mento · wall_segment Palisade Wall x1 |
| 36:02 | Jill mento · wall_segment Palisade Wall x1 |
| 36:03 | Jill mento · wall_segment Palisade Wall x1 |
| 40:17 | FletcheR · first_building Archery Range |
| 40:47 | Cowboy · resign |
[ AI ANALYSIS · 1 CREDIT ]
What really happened in this match?
Wolo.gg analyzes every decision: build order, eco, micro, common mistakes by bracket. Personalized analysis on WhatsApp or Discord in 30 seconds.
Civ guide
Gurjaras
Perfil
Jugador #2447723